 Dungeon Crawl Stone Soup version 0.27-a0-1287-gca74d27db6 (webtiles) character file.

Game seed: 1892371809175138214

2 avis the Chopper (level 1, 19/19 HPs)
             Began as a Minotaur Monk on June 14, 2021.
             Got out of the dungeon alive.
             The game lasted 00:00:32 (98 turns).

avis the Chopper (Minotaur Monk)                      Turns: 98, Time: 00:00:33

Health: 19/19      AC:  3    Str: 15    XL:     1   Next: 25%
Magic:  0/0        EV: 12    Int:  7    God:
Gold:   0          SH:  0    Dex: 12    Spells: 0/0 levels left

rFire    . . .     SeeInvis .   a - +0 hand axe
rCold    . . .     Faith    .   (no shield)
rNeg     . . .     Spirit   .   c - +0 leather armour
rPois    .         Reflect  .   (helmet restricted)
rElec    .         Harm     .   (no cloak)
rCorr    .         Rampage  .   (no gloves)
Will     .....                  (no boots)
Stlth    +.........             (no amulet)
HPRegen  0.06/turn              (no ring)
MPRegen  0.07/turn              (no ring)

@: no status effects
A: horns 2, retaliatory headbutt
a: no special abilities


You escaped.
You visited 1 branch of the dungeon, and saw 1 of its levels.

Inventory:

Hand Weapons
 a - a +0 hand axe (weapon)
Armour
 c - a +0 leather armour (worn)
Jewellery
 b - a +4 ring of slaying


   Skills:
 - Level 3.6 Fighting
 * Level 3.8 Axes
 - Level 3.2 Dodging
 - Level 1.5 Stealth


You couldn't memorise any spells.
You didn't know any spells.
Your spell library was empty.

Dungeon Overview and Level Annotations

Branches:
Dungeon (1/15)

Altars:


Innate Abilities, Weirdness & Mutations

You have a pair of horns on your head.
You reflexively headbutt those who attack you in melee.


Message History

Welcome, avis the Minotaur Monk.
Will you prevail where others failed? Will you find the Orb of Zot?
Press ? for a list of commands and other information.
Found a staircase leading out of the dungeon.
You open the door.
Found a leather armour.
There is an open door here.
You see here a +0 leather armour.
c - a +0 leather armour You start removing your armour.
You continue taking off your +0 robe. x4
You finish taking off your +0 robe.
You start putting on your armour.
You continue putting on your +0 leather armour. x5
You finish putting on your +0 leather armour.
Drop what? 3/52 slots (_ for help) (? for menu, Esc to quit)
You drop a +0 robe.
There is a fountain of clear blue water here.
There is a fountain of clear blue water here.
You open the door.
There is an open door here.
A ball python and a kobold come into view.
The ball python hisses angrily.
Found a diamond ring.
You hit the kobold.
You kill the kobold!
You hit the ball python.
The ball python is moderately wounded.
The ball python closely misses you. The ball python grabs you.
The ball python constricts you.
You slash the ball python!
You kill the ball python!
b - a +4 ring of slaying
Things that are here:
a +0 short sword; a kobold corpse
There is an open door here.
There is a fountain of clear blue water here.
There is an open door here.
There is a staircase leading out of the dungeon here.
Are you sure you want to leave the Dungeon?
This will make you lose the game!
You have escaped!

####### #..
#.....# #.#
#.8.8.## #.#
#..8...## #.#
#.8.8...## #.#
#........###.#
#[###.⌠.⌠.##.#
#.+.#.....##.#
#.#@#..8..'..#
#.'.#.....#.####
#.###.⌠.⌠.#....#
#........##.##.#
#.8.8...####...#
#..8...## #.###
#.8.8.## ###.#
#.....# #...#
########## #.###


There were no monsters in sight!

Vanquished Creatures
  A ball python (D:1)
  A kobold (D:1)
2 creatures vanquished.

Notes
Turn   | Place    | Note
-------+----------+-------------------------------------------
     0 | D:1      | avis the Minotaur Monk began the quest for the Orb.
     0 | D:1      | Reached XP level 1. HP: 19/19 MP: 0/0
    98 | D:$      | Got out of the dungeon alive.

Illustrated notes

Levels and vault maps discovered:
D:1:      ncdulo_halloftheorcs, layout_basic, minmay_domino_2

Action                   || total
-------------------------++-------
Melee: Hand axe          ||     3
Dodge: Dodged            ||     1

Table legend: (Time is in decaauts)
 A = Elapsed time spent in this place.
 B = Non-inter-level travel time spent in this place.
 C = Inter-level travel time spent in this place.
 D = Time resting spent in this place.
 E = Time spent auto-exploring this place.
 F = Levels seen in this place.
 G = Mean time per level.
                   A        B        C        D        E       F      G
               +--------+--------+--------+--------+--------+-----+--------+
         Total |     98 |     65 |     33 |      0 |     39 |   1 |   98.0 |
       Dungeon |     98 |     65 |     33 |      0 |     39 |   1 |   98.0 |
               +--------+--------+--------+--------+--------+-----+--------+

Top non-repeatable levels by time:
     D:1: 98 daAuts
